[ AOE2 MATCH · #495833253 ]
UnrankedMongols vs Georgians
[ REPLAY ANALYSIS · EXTRACTED FROM THE RECORDED GAME ]
Feudal
9:44
Castle
—
Imperial
—
| APM avg | 41.8 |
| APM peak | 69 |
| eAPM avg | 13.9 |
| Villagers / military | 39 / 6 |
Focus
⚔️ 23.2% · 🌾 76.8%
Spearman ×3 · Scout Cavalry ×3
Feudal
10:10
Castle
—
Imperial
—
| APM avg | 29.0 |
| APM peak | 58 |
| eAPM avg | 14.7 |
| Villagers / military | 44 / 37 |
Focus
⚔️ 29.6% · 🌾 70.4%
Archer ×35 · Spearman ×2
Feudal
10:10
Castle
16:08
Imperial
—
| APM avg | 28.6 |
| APM peak | 45 |
| eAPM avg | 9.1 |
| Villagers / military | 36 / 7 |
Focus
⚔️ 9.6% · 🌾 90.4%
Scout Cavalry ×4 · Knight ×3
Feudal
9:57
Castle
—
Imperial
—
| APM avg | 40.2 |
| APM peak | 73 |
| eAPM avg | 16.0 |
| Villagers / military | 45 / 24 |
Focus
⚔️ 23.9% · 🌾 76.1%
Archer ×18 · Spearman ×6
Feudal
9:57
Castle
—
Imperial
—
| APM avg | 51.5 |
| APM peak | 97 |
| eAPM avg | 24.9 |
| Villagers / military | 45 / 16 |
Focus
⚔️ 8.2% · 🌾 91.8%
Archer ×14 · Spearman ×2
Feudal
10:50
Castle
17:38
Imperial
—
| APM avg | 36.6 |
| APM peak | 70 |
| eAPM avg | 12.8 |
| Villagers / military | 39 / 4 |
Focus
⚔️ 25.8% · 🌾 74.2%
Knight ×4
Match map
Initial resources + every placement click. Lines = walls · curves = elevation contours. ◆ gold · ⬟ stone · ● berries · ✦ relic · ◌ wall gap
Your base· Open — unwalled flank
MPW_SCRaTCH's base· Open — unwalled flank
rogerthat19's base· Open — 15t gap
Alive's base· Open — unwalled flank
MrJellyBean9172's base· Open — unwalled flank
Minmaj's base· Open — unwalled flank
Smoothed initial terrain · ◌ = detected wall gap · hover for details
Inputs per minute
— Jonnydrama - - MPW_SCRaTCH
Build order — Jonnydrama
98 actions detected in the replay
| 0:02 | Research | Loom |
| 0:03 | Queue | Villager (Male) ×4 |
| 0:12 | Build | House |
| 1:50 | Queue | Villager (Male) |
| 2:11 | Build | House |
| 2:14 | Build | House |
| 2:18 | Build | House |
| 2:34 | Queue | Villager (Male) |
| 2:34 | Queue | Villager (Male) |
| 2:35 | Queue | Villager (Male) |
| 3:24 | Queue | Villager (Male) |
| 3:24 | Queue | Villager (Male) |
| 3:49 | Build | Lumber Camp |
| 4:14 | Queue | Villager (Male) |
| 4:14 | Queue | Villager (Male) |
| 4:18 | Queue | Villager (Male) |
| 4:18 | Queue | Villager (Male) |
| 5:29 | Queue | Villager (Male) |
| 5:51 | Queue | Villager (Male) |
| 5:51 | Queue | Villager (Male) |
| 6:13 | Queue | Villager (Male) |
| 6:29 | Build | Mill |
| 6:41 | Queue | Villager (Male) |
| 7:08 | Queue | Villager (Male) |
| 7:15 | Build | Farm |
| 7:33 | Research | Feudal Age |
| 9:41 | Build | House |
| 9:44 | Age | Feudal Age |
| 9:46 | Queue | Villager (Male) |
| 9:46 | Queue | Villager (Male) |
| 9:47 | Queue | Villager (Male) |
| 9:50 | Research | Double-Bit Axe |
| 9:51 | Research | Horse Collar |
| 10:24 | Build | Palisade Wall |
| 10:27 | Build | Barracks |
| 11:04 | Queue | Villager (Male) |
| 11:04 | Queue | Villager (Male) |
| 11:04 | Queue | Villager (Male) |
| 11:30 | Build | Stable |
| 11:51 | Build | Palisade Wall |
| 11:53 | Build | Palisade Gate |
| 11:59 | Build | Blacksmith |
| 12:17 | Queue | Villager (Male) |
| 12:17 | Queue | Villager (Male) |
| 12:17 | Queue | Villager (Male) |
| 12:28 | Build | Farm |
| 12:30 | Build | Farm |
| 12:31 | Build | Farm |
| 12:42 | Build | House |
| 12:43 | Build | House |
| 12:46 | Queue | Scout Cavalry |
| 12:46 | Queue | Scout Cavalry |
| 12:46 | Queue | Scout Cavalry |
| 12:52 | Build | Farm |
| 13:25 | Build | Farm |
| 13:26 | Queue | Villager (Male) |
| 13:36 | Build | Lumber Camp |
| 13:44 | Queue | Villager (Male) |
| 13:47 | Build | Farm |
| 13:55 | Research | Forging |
| 13:55 | Research | Scale Barding Armor |
| 13:59 | Build | Mining Camp |
| 14:02 | Queue | Villager (Male) |
| 14:20 | Build | Farm |
| 14:22 | Queue | Villager (Male) |
| 14:36 | Build | Farm |
| 14:40 | Queue | Villager (Male) |
| 14:46 | Build | House |
| 14:54 | Build | Farm |
| 14:56 | Queue | Villager (Male) |
| 15:03 | Build | House |
| 15:04 | Build | House |
| 15:18 | Queue | Spearman |
| 15:18 | Queue | Spearman |
| 15:18 | Queue | Spearman |
| 15:25 | Build | Farm |
| 15:26 | Queue | Villager (Male) |
| 15:42 | Build | Market |
| 15:47 | Build | Farm |
| 15:48 | Queue | Villager (Male) |
| 16:22 | Build | Farm |
| 16:22 | Queue | Villager (Male) |
| 16:45 | Build | Farm |
| 16:48 | Build | Farm |
| 16:49 | Build | Farm |
| 16:51 | Build | Farm |
| 16:52 | Queue | Villager (Male) |
| 17:26 | Build | Farm |
| 17:31 | Research | Town Watch |
| 17:31 | Research | Wheelbarrow |
| 17:34 | Build | Farm |
| 18:34 | Build | Palisade Wall |
| 18:35 | Build | Palisade Gate |
| 18:58 | Build | House |
| 19:02 | Build | House |
| 19:22 | Research | Castle Age |
| 20:39 | Research | Gold Mining |
| 20:39 | Research | Stone Mining |
Build order — MPW_SCRaTCH
143 actions detected in the replay
| 0:04 | Build | House |
| 0:05 | Queue | Villager (Male) |
| 0:19 | Queue | Villager (Male) |
| 0:19 | Queue | Villager (Male) |
| 0:19 | Queue | Villager (Male) |
| 0:24 | Build | House |
| 1:37 | Queue | Villager (Male) |
| 2:07 | Queue | Villager (Male) |
| 2:31 | Queue | Villager (Male) |
| 2:58 | Queue | Villager (Male) |
| 3:09 | Build | Lumber Camp |
| 3:21 | Queue | Villager (Male) |
| 3:25 | Build | Lumber Camp |
| 3:43 | Build | House |
| 3:46 | Queue | Villager (Male) |
| 4:01 | Queue | Villager (Male) |
| 4:37 | Queue | Villager (Male) |
| 5:01 | Queue | Villager (Male) |
| 5:09 | Queue | Villager (Male) |
| 5:15 | Build | House |
| 5:45 | Queue | Villager (Male) |
| 6:16 | Queue | Villager (Male) |
| 6:29 | Queue | Villager (Male) |
| 6:51 | Build | Mill |
| 6:55 | Queue | Villager (Male) |
| 6:56 | Research | Loom |
| 7:57 | Research | Feudal Age |
| 8:33 | Build | Barracks |
| 9:17 | Build | House |
| 9:31 | Build | Mining Camp |
| 9:48 | Build | Palisade Wall |
| 10:06 | Queue | Villager (Male) |
| 10:07 | Queue | Villager (Male) |
| 10:10 | Age | Feudal Age |
| 10:12 | Build | Archery Range |
| 10:15 | Research | Double-Bit Axe |
| 10:52 | Build | Palisade Gate |
| 11:02 | Queue | Villager (Male) |
| 11:08 | Build | Archery Range |
| 11:10 | Queue | Villager (Male) |
| 11:19 | Build | Palisade Wall |
| 11:22 | Queue | Archer |
| 11:22 | Queue | Archer |
| 11:29 | Build | House |
| 11:32 | Build | Palisade Wall |
| 11:41 | Queue | Villager (Male) |
| 11:45 | Build | House |
| 11:50 | Build | House |
| 11:57 | Queue | Archer |
| 12:10 | Queue | Archer |
| 12:10 | Queue | Archer |
| 12:20 | Queue | Villager (Male) |
| 12:21 | Queue | Villager (Male) |
| 12:21 | Queue | Villager (Male) |
| 12:22 | Queue | Villager (Male) |
| 12:31 | Build | Blacksmith |
| 12:38 | Build | House |
| 12:39 | Queue | Archer |
| 12:39 | Queue | Villager (Male) |
| 12:43 | Build | Palisade Wall |
| 12:52 | Queue | Archer |
| 12:52 | Queue | Archer |
| 12:52 | Queue | Villager (Male) |
| 13:04 | Research | Horse Collar |
| 13:14 | Build | Palisade Gate |
| 13:19 | Build | House |
| 13:33 | Queue | Archer |
| 13:33 | Queue | Archer |
| 13:33 | Queue | Villager (Male) |
| 13:55 | Queue | Archer |
| 14:02 | Queue | Archer |
| 14:08 | Build | Farm |
| 14:18 | Queue | Villager (Male) |
| 14:19 | Queue | Archer |
| 14:20 | Queue | Archer |
| 14:26 | Build | Farm |
| 14:35 | Research | Fletching |
| 14:47 | Build | House |
| 14:50 | Build | Palisade Wall |
| 14:52 | Queue | Archer |
| 14:52 | Queue | Villager (Male) |
| 14:53 | Queue | Villager (Male) |
| 14:56 | Build | Farm |
| 15:07 | Queue | Villager (Male) |
| 15:08 | Queue | Archer |
| 15:09 | Queue | Archer |
| 15:18 | Build | Farm |
| 15:20 | Build | Farm |
| 15:26 | Queue | Archer |
| 15:26 | Queue | Archer |
| 15:27 | Queue | Villager (Male) |
| 15:54 | Queue | Villager (Male) |
| 16:04 | Queue | Villager (Male) |
| 16:05 | Queue | Archer |
| 16:06 | Queue | Archer |
| 16:27 | Queue | Archer |
| 16:27 | Queue | Archer |
| 16:28 | Queue | Villager (Male) |
| 16:39 | Build | House |
| 16:40 | Build | House |
| 16:45 | Build | Farm |
| 16:46 | Build | Farm |
| 16:47 | Build | Farm |
| 16:48 | Queue | Archer |
| 16:49 | Queue | Archer |
| 16:49 | Queue | Villager (Male) |
| 16:59 | Build | Lumber Camp |
| 17:21 | Queue | Archer |
| 17:21 | Queue | Archer |
| 17:22 | Queue | Villager (Male) |
| 17:34 | Build | Palisade Wall |
| 17:45 | Research | Padded Archer Armor |
| 18:12 | Queue | Archer |
| 18:12 | Queue | Archer |
| 18:16 | Queue | Villager (Male) |
| 18:37 | Queue | Villager (Male) |
| 18:37 | Queue | Villager (Male) |
| 18:39 | Build | Farm |
| 18:41 | Build | Farm |
| 18:56 | Queue | Villager (Male) |
| 19:09 | Queue | Archer |
| 19:09 | Queue | Archer |
| 19:12 | Build | Farm |
| 19:15 | Queue | Archer |
| 19:15 | Queue | Archer |
| 19:22 | Queue | Spearman |
| 19:22 | Queue | Spearman |
| 19:28 | Build | Farm |
| 19:29 | Build | Farm |
| 19:31 | Build | Farm |
| 19:32 | Build | Farm |
| 19:52 | Build | House |
| 19:55 | Build | Palisade Wall |
| 19:56 | Build | Palisade Wall |
| 19:57 | Build | Palisade Wall |
| 20:00 | Build | Palisade Wall |
| 20:02 | Build | Palisade Wall |
| 20:05 | Build | Palisade Wall |
| 20:06 | Build | Palisade Wall |
| 20:08 | Build | Palisade Wall |
| 20:23 | Queue | Archer |
| 20:23 | Queue | Archer |
| 20:27 | Build | House |
Build order — rogerthat19
79 actions detected in the replay
| 0:02 | Build | House |
| 0:04 | Build | House |
| 0:05 | Queue | Villager (Male) |
| 0:06 | Queue | Villager (Male) |
| 0:06 | Queue | Villager (Male) |
| 0:30 | Queue | Villager (Male) |
| 1:37 | Queue | Villager (Male) |
| 2:05 | Queue | Villager (Male) |
| 2:16 | Queue | Villager (Male) |
| 2:57 | Queue | Villager (Male) |
| 2:57 | Queue | Villager (Male) |
| 3:33 | Queue | Villager (Male) |
| 3:34 | Queue | Villager (Male) |
| 4:53 | Queue | Villager (Male) |
| 4:53 | Queue | Villager (Male) |
| 4:54 | Queue | Villager (Male) |
| 4:57 | Build | House |
| 5:16 | Queue | Villager (Male) |
| 5:16 | Queue | Villager (Male) |
| 5:20 | Build | House |
| 5:45 | Build | Mill |
| 5:48 | Queue | Villager (Male) |
| 7:11 | Queue | Villager (Male) |
| 8:00 | Research | Feudal Age |
| 8:17 | Queue | Villager (Male) |
| 8:51 | Build | Barracks |
| 9:16 | Queue | Villager (Male) |
| 9:16 | Queue | Villager (Male) |
| 10:10 | Age | Feudal Age |
| 10:19 | Build | Stable |
| 10:22 | Build | Blacksmith |
| 10:30 | Queue | Villager (Male) |
| 10:49 | Queue | Villager (Male) |
| 11:37 | Research | Double-Bit Axe |
| 11:39 | Queue | Villager (Male) |
| 11:57 | Build | House |
| 12:20 | Queue | Scout Cavalry |
| 12:21 | Queue | Scout Cavalry |
| 12:29 | Build | Farm |
| 12:31 | Build | Farm |
| 12:34 | Build | Farm |
| 12:34 | Build | Farm |
| 12:34 | Build | Farm |
| 12:34 | Build | Farm |
| 12:34 | Build | Farm |
| 12:35 | Build | Farm |
| 12:50 | Queue | Villager (Male) |
| 13:27 | Research | Castle Age |
| 14:23 | Queue | Scout Cavalry |
| 14:29 | Build | Farm |
| 14:29 | Build | Farm |
| 14:32 | Build | Farm |
| 15:07 | Build | Farm |
| 15:08 | Build | Farm |
| 15:08 | Build | Farm |
| 15:10 | Queue | Scout Cavalry |
| 15:15 | Build | House |
| 15:16 | Build | House |
| 15:19 | Build | Farm |
| 15:21 | Queue | Villager (Male) |
| 15:22 | Queue | Villager (Male) |
| 16:08 | Age | Castle Age |
| 16:15 | Build | Farm |
| 16:23 | Build | Town Center |
| 16:36 | Queue | Knight |
| 16:36 | Queue | Knight |
| 16:36 | Queue | Knight |
| 17:30 | Research | Forging |
| 17:31 | Queue | Villager (Male) |
| 17:31 | Queue | Villager (Male) |
| 17:31 | Queue | Villager (Male) |
| 17:38 | Build | Farm |
| 17:38 | Build | Farm |
| 17:42 | Queue | Villager (Male) |
| 17:42 | Queue | Villager (Male) |
| 19:06 | Queue | Villager (Male) |
| 19:06 | Queue | Villager (Male) |
| 19:06 | Queue | Villager (Male) |
| 19:06 | Queue | Villager (Male) |
Build order — Alive
121 actions detected in the replay
| 0:01 | Queue | Villager (Male) |
| 0:02 | Queue | Villager (Male) |
| 0:02 | Queue | Villager (Male) |
| 0:03 | Build | House |
| 0:04 | Build | House |
| 0:19 | Queue | Villager (Male) |
| 0:19 | Queue | Villager (Male) |
| 0:55 | Build | Lumber Camp |
| 1:23 | Build | Lumber Camp |
| 1:32 | Build | House |
| 1:37 | Queue | Villager (Male) |
| 1:38 | Queue | Villager (Male) |
| 2:02 | Queue | Villager (Male) |
| 2:02 | Queue | Villager (Male) |
| 2:34 | Queue | Villager (Male) |
| 2:35 | Queue | Villager (Male) |
| 2:39 | Queue | Villager (Male) |
| 2:40 | Queue | Villager (Male) |
| 2:52 | Queue | Villager (Male) |
| 2:53 | Queue | Villager (Male) |
| 3:18 | Queue | Villager (Male) |
| 3:18 | Queue | Villager (Male) |
| 3:37 | Queue | Villager (Male) |
| 3:38 | Queue | Villager (Male) |
| 3:48 | Build | Palisade Gate |
| 4:17 | Queue | Villager (Male) |
| 4:17 | Queue | Villager (Male) |
| 4:43 | Build | House |
| 4:54 | Queue | Villager (Male) |
| 4:57 | Queue | Villager (Male) |
| 5:04 | Queue | Villager (Male) |
| 5:04 | Queue | Villager (Male) |
| 5:19 | Build | House |
| 5:43 | Queue | Villager (Male) |
| 6:33 | Research | Loom |
| 6:56 | Build | Mining Camp |
| 7:16 | Queue | Villager (Male) |
| 7:47 | Research | Feudal Age |
| 9:14 | Build | Mill |
| 9:23 | Queue | Villager (Male) |
| 9:24 | Queue | Villager (Male) |
| 9:25 | Queue | Villager (Male) |
| 9:57 | Age | Feudal Age |
| 9:58 | Build | Farm |
| 9:58 | Build | Farm |
| 10:06 | Build | Watch Tower |
| 10:08 | Build | Palisade Wall |
| 10:09 | Build | Palisade Wall |
| 10:10 | Build | Palisade Wall |
| 10:12 | Build | Palisade Wall |
| 10:44 | Build | Barracks |
| 10:50 | Build | House |
| 11:12 | Research | Town Watch |
| 11:40 | Build | Archery Range |
| 12:00 | Queue | Spearman |
| 12:05 | Queue | Villager (Male) |
| 12:06 | Queue | Villager (Male) |
| 12:07 | Queue | Villager (Male) |
| 12:18 | Build | House |
| 12:20 | Build | House |
| 12:26 | Queue | Archer |
| 12:26 | Queue | Archer |
| 12:26 | Queue | Archer |
| 12:27 | Queue | Archer |
| 12:45 | Build | Farm |
| 12:58 | Build | House |
| 13:02 | Build | Farm |
| 13:04 | Queue | Villager (Male) |
| 13:07 | Queue | Archer |
| 13:11 | Queue | Villager (Male) |
| 13:24 | Queue | Villager (Male) |
| 13:35 | Build | Farm |
| 13:40 | Queue | Villager (Male) |
| 13:54 | Build | Farm |
| 13:55 | Queue | Villager (Male) |
| 14:01 | Queue | Archer |
| 14:10 | Queue | Archer |
| 14:25 | Research | Double-Bit Axe |
| 14:30 | Queue | Archer |
| 14:48 | Queue | Archer |
| 14:57 | Build | House |
| 15:08 | Build | Palisade Wall |
| 15:13 | Build | House |
| 15:21 | Build | Farm |
| 15:23 | Queue | Villager (Male) |
| 15:25 | Queue | Archer |
| 15:28 | Queue | Archer |
| 15:34 | Queue | Spearman |
| 15:47 | Build | Farm |
| 15:50 | Queue | Villager (Male) |
| 16:03 | Build | Farm |
| 16:32 | Build | Mining Camp |
| 16:36 | Queue | Villager (Male) |
| 16:39 | Queue | Villager (Male) |
| 16:45 | Queue | Archer |
| 16:51 | Research | Horse Collar |
| 17:09 | Build | Farm |
| 17:13 | Queue | Villager (Male) |
| 17:20 | Queue | Archer |
| 17:28 | Queue | Archer |
| 17:49 | Build | Market |
| 18:07 | Queue | Villager (Male) |
| 18:12 | Queue | Archer |
| 18:20 | Queue | Spearman |
| 18:26 | Queue | Archer |
| 18:44 | Research | Castle Age |
| 19:11 | Build | House |
| 19:13 | Build | House |
| 19:15 | Build | House |
| 19:17 | Build | House |
| 19:33 | Queue | Archer |
| 20:01 | Queue | Spearman |
| 20:03 | Queue | Spearman |
| 20:10 | Build | Blacksmith |
| 20:17 | Research | Gold Mining |
| 20:23 | Queue | Villager (Male) |
| 20:24 | Queue | Archer |
| 20:32 | Queue | Spearman |
| 20:45 | Research | Scale Mail Armor |
| 20:46 | Research | Fletching |
| 20:46 | Research | Forging |
Build order — MrJellyBean9172
93 actions detected in the replay
| 0:07 | Build | House |
| 0:08 | Build | House |
| 0:11 | Queue | Villager (Male) |
| 0:11 | Queue | Villager (Male) |
| 0:12 | Queue | Villager (Male) |
| 0:12 | Queue | Villager (Male) |
| 0:12 | Queue | Villager (Male) |
| 1:37 | Queue | Villager (Male) |
| 1:37 | Queue | Villager (Male) |
| 2:19 | Queue | Villager (Male) |
| 2:47 | Queue | Villager (Male) |
| 2:47 | Queue | Villager (Male) |
| 2:59 | Queue | Villager (Male) |
| 2:59 | Queue | Villager (Male) |
| 3:29 | Queue | Villager (Male) |
| 3:36 | Build | Lumber Camp |
| 3:53 | Queue | Villager (Male) |
| 4:13 | Queue | Villager (Male) |
| 4:14 | Queue | Villager (Male) |
| 4:14 | Queue | Villager (Male) |
| 4:25 | Build | House |
| 4:39 | Queue | Villager (Male) |
| 5:07 | Queue | Villager (Male) |
| 5:07 | Queue | Villager (Male) |
| 5:36 | Queue | Villager (Male) |
| 5:36 | Queue | Villager (Male) |
| 5:37 | Queue | Villager (Male) |
| 5:56 | Build | Mill |
| 6:01 | Queue | Villager (Male) |
| 6:01 | Queue | Villager (Male) |
| 6:02 | Queue | Villager (Male) |
| 6:20 | Build | House |
| 7:47 | Research | Feudal Age |
| 8:36 | Build | Barracks |
| 8:49 | Queue | Villager (Male) |
| 8:49 | Queue | Villager (Male) |
| 8:49 | Queue | Villager (Male) |
| 9:15 | Build | Lumber Camp |
| 9:44 | Build | House |
| 9:57 | Age | Feudal Age |
| 10:29 | Build | Archery Range |
| 10:38 | Queue | Villager (Male) |
| 10:38 | Queue | Villager (Male) |
| 11:17 | Build | Archery Range |
| 11:30 | Queue | Archer |
| 11:30 | Queue | Archer |
| 11:30 | Queue | Archer |
| 11:57 | Build | Mining Camp |
| 12:10 | Queue | Spearman |
| 12:13 | Queue | Villager (Male) |
| 12:13 | Queue | Villager (Male) |
| 12:13 | Queue | Villager (Male) |
| 12:21 | Build | House |
| 12:23 | Build | House |
| 12:35 | Build | Palisade Wall |
| 12:42 | Build | House |
| 13:18 | Build | Market |
| 13:24 | Build | House |
| 13:33 | Queue | Villager (Male) |
| 13:34 | Queue | Villager (Male) |
| 13:44 | Build | Palisade Wall |
| 13:48 | Build | Palisade Wall |
| 13:55 | Queue | Villager (Male) |
| 13:58 | Queue | Archer |
| 13:59 | Queue | Archer |
| 14:13 | Build | Palisade Wall |
| 14:22 | Queue | Villager (Male) |
| 14:22 | Queue | Villager (Male) |
| 14:28 | Build | Blacksmith |
| 14:42 | Queue | Archer |
| 14:42 | Queue | Archer |
| 14:42 | Queue | Archer |
| 14:42 | Queue | Archer |
| 14:59 | Build | Farm |
| 15:06 | Queue | Archer |
| 15:06 | Queue | Archer |
| 15:20 | Queue | Villager (Male) |
| 15:20 | Queue | Villager (Male) |
| 15:29 | Build | Farm |
| 15:41 | Queue | Archer |
| 15:41 | Queue | Archer |
| 15:42 | Queue | Archer |
| 15:48 | Queue | Spearman |
| 15:56 | Build | Palisade Gate |
| 16:00 | Build | Farm |
| 16:33 | Build | House |
| 16:34 | Build | House |
| 17:00 | Queue | Villager (Male) |
| 17:00 | Queue | Villager (Male) |
| 17:30 | Build | House |
| 17:32 | Build | House |
| 17:56 | Queue | Villager (Male) |
| 17:56 | Queue | Villager (Male) |
Build order — Minmaj
94 actions detected in the replay
| 0:01 | Queue | Villager (Male) |
| 0:01 | Queue | Villager (Male) |
| 0:02 | Build | House |
| 0:03 | Build | House |
| 0:45 | Queue | Villager (Male) |
| 0:54 | Queue | Villager (Male) |
| 1:28 | Queue | Villager (Male) |
| 2:10 | Queue | Villager (Male) |
| 2:20 | Build | Lumber Camp |
| 2:22 | Queue | Villager (Male) |
| 3:04 | Queue | Villager (Male) |
| 3:13 | Queue | Villager (Male) |
| 3:51 | Queue | Villager (Male) |
| 4:06 | Build | House |
| 4:22 | Queue | Villager (Male) |
| 4:42 | Queue | Villager (Male) |
| 4:52 | Build | Mill |
| 5:10 | Queue | Villager (Male) |
| 5:41 | Queue | Villager (Male) |
| 6:03 | Build | House |
| 6:06 | Queue | Villager (Male) |
| 6:35 | Queue | Villager (Male) |
| 6:56 | Queue | Villager (Male) |
| 7:09 | Queue | Villager (Male) |
| 7:10 | Queue | Villager (Male) |
| 7:48 | Queue | Villager (Male) |
| 7:54 | Queue | Villager (Male) |
| 8:29 | Research | Feudal Age |
| 8:29 | Research | Feudal Age |
| 8:45 | Build | Mining Camp |
| 9:40 | Build | House |
| 9:43 | Build | Palisade Wall |
| 9:51 | Build | Barracks |
| 9:58 | Build | Palisade Wall |
| 10:01 | Build | Palisade Wall |
| 10:10 | Build | Farm |
| 10:25 | Research | Loom |
| 10:25 | Research | Loom |
| 10:50 | Age | Feudal Age |
| 10:56 | Build | Market |
| 11:09 | Build | Stable |
| 11:15 | Queue | Villager (Male) |
| 11:15 | Queue | Villager (Male) |
| 11:15 | Queue | Villager (Male) |
| 11:42 | Queue | Villager (Male) |
| 11:54 | Build | Blacksmith |
| 12:00 | Build | Farm |
| 12:02 | Build | Farm |
| 12:03 | Build | Farm |
| 12:20 | Build | House |
| 12:25 | Build | House |
| 12:49 | Build | House |
| 12:53 | Build | Palisade Wall |
| 13:04 | Queue | Villager (Male) |
| 13:16 | Build | Mining Camp |
| 13:19 | Queue | Villager (Male) |
| 13:27 | Build | Farm |
| 13:29 | Build | Farm |
| 13:33 | Build | Farm |
| 13:34 | Queue | Villager (Male) |
| 13:42 | Build | Farm |
| 13:58 | Queue | Villager (Male) |
| 14:15 | Build | Farm |
| 14:18 | Build | Farm |
| 14:22 | Build | Farm |
| 14:44 | Build | Farm |
| 14:58 | Research | Castle Age |
| 14:58 | Research | Castle Age |
| 16:28 | Research | Forging |
| 16:29 | Research | Scale Barding Armor |
| 16:29 | Research | Scale Barding Armor |
| 17:38 | Age | Castle Age |
| 17:41 | Queue | Knight |
| 17:41 | Queue | Knight |
| 17:42 | Queue | Knight |
| 17:42 | Queue | Knight |
| 17:49 | Queue | Villager (Male) |
| 17:49 | Queue | Villager (Male) |
| 18:17 | Research | Double-Bit Axe |
| 18:21 | Queue | Villager (Male) |
| 18:30 | Queue | Villager (Male) |
| 19:00 | Queue | Villager (Male) |
| 19:07 | Build | Farm |
| 19:09 | Build | Farm |
| 19:09 | Build | Farm |
| 19:43 | Build | Castle |
| 19:49 | Queue | Villager (Male) |
| 19:50 | Queue | Villager (Male) |
| 19:55 | Build | House |
| 20:05 | Queue | Villager (Male) |
| 20:12 | Research | Bow Saw |
| 20:28 | Build | Town Center |
| 20:31 | Queue | Villager (Male) |
| 20:31 | Queue | Villager (Male) |
Match timeline
| 8:33 | MPW_SCRaTCH · first_building Barracks |
| 8:36 | MrJellyBean9172 · first_building Barracks |
| 8:51 | rogerthat19 · first_building Barracks |
| 9:43 | Minmaj · wall_segment Palisade Wall x8 |
| 9:44 | Jonnydrama · age_up feudal |
| 9:48 | MPW_SCRaTCH · wall_segment Palisade Wall x9 |
| 9:51 | Minmaj · first_building Barracks |
| 9:57 | Alive · age_up feudal |
| 9:57 | MrJellyBean9172 · age_up feudal |
| 9:58 | Minmaj · wall_segment Palisade Wall x6 |
| 10:01 | Minmaj · wall_segment Palisade Wall x1 |
| 10:08 | Alive · wall_segment Palisade Wall x1 |
| 10:09 | Alive · wall_segment Palisade Wall x1 |
| 10:10 | MPW_SCRaTCH · age_up feudal |
| 10:10 | Alive · wall_segment Palisade Wall x1 |
| 10:10 | rogerthat19 · age_up feudal |
| 10:12 | MPW_SCRaTCH · first_building Archery Range |
| 10:12 | Alive · wall_segment Palisade Wall x1 |
| 10:19 | rogerthat19 · first_building Stable |
| 10:24 | Jonnydrama · wall_segment Palisade Wall x5 |
| 10:27 | Jonnydrama · first_building Barracks |
| 10:29 | MrJellyBean9172 · first_building Archery Range |
| 10:44 | Alive · first_building Barracks |
| 10:50 | Minmaj · age_up feudal |
| 11:09 | Minmaj · first_building Stable |
| 11:19 | MPW_SCRaTCH · wall_segment Palisade Wall x1 |
| 11:30 | Jonnydrama · first_building Stable |
| 11:32 | MPW_SCRaTCH · wall_segment Palisade Wall x2 |
| 11:40 | Alive · first_building Archery Range |
| 11:51 | Jonnydrama · wall_segment Palisade Wall x3 |
| 12:35 | MrJellyBean9172 · wall_segment Palisade Wall x7 |
| 12:43 | MPW_SCRaTCH · wall_segment Palisade Wall x6 |
| 12:53 | Minmaj · wall_segment Palisade Wall x6 |
| 13:44 | MrJellyBean9172 · wall_segment Palisade Wall x6 |
| 13:48 | MrJellyBean9172 · wall_segment Palisade Wall x12 |
| 14:13 | MrJellyBean9172 · wall_segment Palisade Wall x9 |
| 14:38 | MrJellyBean9172 · first_market_sell 100 wood |
| 14:50 | MPW_SCRaTCH · wall_segment Palisade Wall x7 |
| 15:08 | Alive · wall_segment Palisade Wall x8 |
| 16:08 | rogerthat19 · age_up castle |
| 17:34 | MPW_SCRaTCH · wall_segment Palisade Wall x5 |
| 17:38 | Minmaj · age_up castle |
| 18:31 | Alive · first_market_buy 100 food |
| 18:34 | Jonnydrama · wall_segment Palisade Wall x8 |
| 18:36 | Alive · first_market_sell 100 wood |
| 18:44 | MrJellyBean9172 · resign |
| 19:43 | Minmaj · first_building Castle |
| 19:55 | MPW_SCRaTCH · wall_segment Palisade Wall x1 |
| 19:56 | MPW_SCRaTCH · wall_segment Palisade Wall x1 |
| 19:57 | MPW_SCRaTCH · wall_segment Palisade Wall x1 |
| 20:00 | MPW_SCRaTCH · wall_segment Palisade Wall x1 |
| 20:02 | MPW_SCRaTCH · wall_segment Palisade Wall x1 |
| 20:05 | MPW_SCRaTCH · wall_segment Palisade Wall x1 |
| 20:06 | MPW_SCRaTCH · wall_segment Palisade Wall x1 |
| 20:08 | MPW_SCRaTCH · wall_segment Palisade Wall x1 |
[ AI ANALYSIS · 1 CREDIT ]
What really happened in this match?
Wolo.gg analyzes every decision: build order, eco, micro, common mistakes by bracket. Personalized analysis on WhatsApp or Discord in 30 seconds.
Civ guide
Mongols
Perfil
Jugador #231008